General information
- name: BNet
- type: Ladder team game (AT/RT)
- host: Battle.net
- saver: GOKUMaN69
map: SilverpineForest
- players: 6
- length: 153:38
- speed: Fast
- version: 1.21 W3XP
- replay type: Public
» download(567 KB)
Players
team 1 (loser)
IHATEFAGG0TS (
blue | 32 APM | 4990 actions | 153:36)
9 Blademaster
3 Wind Walk
3 Critical Strike
1 Bladestorm
2 Mirror Image
7 Shadow Hunter
3 Healing Wave
3 Hex
1 Big Bad Voodoo
7 Tauren Chieftain
3 War Stomp
3 Endurance Aura
1 Reincarnation
» actions
| Assign group hotkey | 71 | |
| Basic commands | 343 | |
| Build / train | 133 | |
| Enter build submenu | 31 | |
| Enter hero's abilities submenu | 24 | |
| Give item / drop item | 7 | |
| Remove unit from queue | 31 | |
| Right click | 1737 | |
| Select / deselect | 1055 | |
| Select group hotkey | 1195 | |
| Use ability | 361 | |
4990 total
» units
| Peon | 14 | |
| Grunt | 6 | |
| Troll Witch Doctor | 11 | |
| Goblin Shredder | 1 | |
| Tauren | 8 | |
| Shaman | 1 | |
| Troll Batrider | -3 | |
| Kodo Beast | 1 | |
| Goblin Zeppelin | 3 | |
42 total
» upgrades
| Berserker Strength | 1 | |
| Armor | 3 | |
| Melee Weapons | 3 | |
| Ranged Weapons | 3 | |
| Shaman Training | 2 | |
| Witch Doctor Training | 2 | |
| Pulverize | 1 | |
| War Drums Damage Increase | 1 | |
| Liquid Fire | 1 | |
17 total
» buildings
| Altar of Storms | 1 | |
| Orc Burrow | 9 | |
| Barracks | 2 | |
| Stronghold | 2 | |
| War Mill | 1 | |
| Watch Tower | 14 | |
| Fortress | 2 | |
| Spirit Lodge | 3 | |
| Great Hall | 4 | |
| Tauren Totem | 1 | |
| Voodoo Lounge | 1 | |
| Beastiary | 4 | |
44 total
» build order
00:07 Altar of Storms
00:11 Orc Burrow
00:48 Barracks
01:33 Orc Burrow
02:33 Orc Burrow
04:27 Stronghold
05:02 War Mill
05:54 Orc Burrow
06:18 Watch Tower
06:20 Watch Tower
06:22 Watch Tower
06:23 Watch Tower
06:54 Fortress
09:04 Spirit Lodge
09:07 Spirit Lodge
09:58 Great Hall
10:42 Tauren Totem
12:57 Watch Tower
12:58 Watch Tower
13:00 Watch Tower
13:02 Watch Tower
13:28 Barracks
13:34 Orc Burrow
18:28 Great Hall
18:53 Voodoo Lounge
20:41 Orc Burrow
20:42 Orc Burrow
20:45 Orc Burrow
20:49 Orc Burrow
20:53 Watch Tower
20:54 Watch Tower
20:55 Watch Tower
20:56 Watch Tower
20:59 Watch Tower
23:56 Stronghold
26:43 Spirit Lodge
26:44 Fortress
29:01 Beastiary
29:02 Beastiary
29:07 Beastiary
29:08 Beastiary
31:06 Watch Tower
48:58 Great Hall
51:48 Great Hall
» items
| Scroll of Regeneration | 1 | |
| Orb of Darkness | 2 | |
| Boots of Speed | 1 | |
| Healing Salve | 2 | |
| Scroll of Speed | 1 | |
| Lesser Clarity Potion | 5 | |
| Orb of Lightning | 1 | |
13 total

»
Testicleeze (
orange | 41 APM | 5221 actions | 128:06)
7 Archmage
3 Summon Water Elemental
3 Brilliance Aura
1 Mass Teleport
8 Paladin
3 Holy Light
3 Divine Shield
1 Resurrection
1 Devotion Aura
2 Mountain King
1 Storm Bolt
1 Thunder Clap
» actions
| Assign group hotkey | 83 | |
| Basic commands | 184 | |
| Build / train | 145 | |
| Enter build submenu | 38 | |
| Enter hero's abilities submenu | 17 | |
| Give item / drop item | 1 | |
| Remove unit from queue | 5 | |
| Right click | 2567 | |
| Select / deselect | 651 | |
| Select group hotkey | 1325 | |
| Use ability | 205 | |
5221 total
» units
| Peasant | 33 | |
| Rifleman | 5 | |
| Dragonhawk Rider | 22 | |
| Gryphon Rider | 8 | |
68 total
» upgrades
| Gunpowder | 2 | |
| Armor | 3 | |
| Masonry | 3 | |
| Lumber Harvesting | 2 | |
| Long Rifles | 1 | |
| Swords | 3 | |
| Animal War Training | 1 | |
| Cloud | 1 | |
| Magic Sentry | 1 | |
| Storm Hammers | 1 | |
18 total
» buildings
| Altar of Kings | 1 | |
| Farm | 12 | |
| Lumber Mill | 3 | |
| Blacksmith | 1 | |
| Barracks | 1 | |
| Keep | 2 | |
| Arcane Vault | 1 | |
| Scout Tower | 16 | |
| Guard Tower | 13 | |
| Town Hall | 3 | |
| Castle | 1 | |
| Gryphon Aviary | 4 | |
| Arcane Sanctum | 1 | |
59 total
» build order
00:18 Altar of Kings
00:34 Farm
00:36 Farm
00:59 Lumber Mill
01:37 Farm
02:07 Blacksmith
02:22 Barracks
02:43 Farm
04:07 Keep
04:29 Keep
04:51 Arcane Vault
05:00 Scout Tower
05:02 Scout Tower
05:04 Scout Tower
06:08 Guard Tower
06:41 Guard Tower
06:49 Town Hall
08:34 Castle
10:25 Gryphon Aviary
11:30 Gryphon Aviary
12:08 Gryphon Aviary
13:10 Gryphon Aviary
13:44 Arcane Sanctum
14:42 Lumber Mill
16:51 Farm
16:52 Farm
16:55 Farm
16:57 Farm
16:58 Farm
17:00 Farm
17:28 Scout Tower
17:29 Scout Tower
17:30 Scout Tower
17:31 Scout Tower
18:34 Guard Tower
18:39 Guard Tower
18:42 Scout Tower
18:42 Scout Tower
18:43 Scout Tower
18:45 Scout Tower
18:47 Scout Tower
19:22 Guard Tower
20:37 Farm
20:38 Farm
21:04 Guard Tower
21:05 Guard Tower
21:10 Guard Tower
21:10 Guard Tower
21:18 Guard Tower
37:04 Scout Tower
37:04 Scout Tower
39:37 Guard Tower
46:00 Lumber Mill
52:03 Town Hall
52:40 Town Hall
126:49 Scout Tower
127:51 Scout Tower
» items
| Scroll of Town Portal | 1 | |
| Scroll of Regeneration | 1 | |
2 total
TomBrady12. (
teal | 27 APM | 4091 actions | 153:36)
8 Archmage
3 Summon Water Elemental
2 Blizzard
2 Brilliance Aura
1 Mass Teleport
2 Blood Mage
1 Flame Strike
1 Siphon Mana
» actions
| Assign group hotkey | 129 | |
| Basic commands | 306 | |
| Build / train | 152 | |
| Enter build submenu | 42 | |
| Enter hero's abilities submenu | 10 | |
| Give item / drop item | 2 | |
| Right click | 800 | |
| Select / deselect | 930 | |
| Select group hotkey | 1542 | |
| Use ability | 178 | |
4091 total
» units
| Peasant | 14 | |
| Rifleman | 7 | |
| Mortar Team | 18 | |
| Sorceress | 29 | |
| Siege Engine | 13 | |
| Flying Machine | 12 | |
| Dragonhawk Rider | 7 | |
| Gryphon Rider | 7 | |
107 total
» upgrades
| Gunpowder | 2 | |
| Armor | 3 | |
| Sorceress Training | 2 | |
| Flare | 1 | |
| Plating | 2 | |
| Fragmentation Shards | 1 | |
| Barrage | 1 | |
| Magic Sentry | 1 | |
| Flak Cannons | 1 | |
| Flying Machine Bombs | 1 | |
| Cloud | 1 | |
| Storm Hammers | 1 | |
| Swords | 3 | |
20 total
» buildings
| Altar of Kings | 1 | |
| Farm | 13 | |
| Blacksmith | 1 | |
| Barracks | 1 | |
| Scout Tower | 10 | |
| Lumber Mill | 1 | |
| Arcane Vault | 1 | |
| Guard Tower | 6 | |
| Keep | 1 | |
| Arcane Tower | 1 | |
| Workshop | 2 | |
| Arcane Sanctum | 1 | |
| Castle | 1 | |
| Gryphon Aviary | 7 | |
| Town Hall | 2 | |
49 total
» build order
00:08 Altar of Kings
00:12 Farm
00:18 Blacksmith
01:21 Barracks
01:42 Farm
02:42 Farm
02:53 Scout Tower
02:54 Scout Tower
04:43 Lumber Mill
04:51 Farm
04:53 Scout Tower
05:31 Arcane Vault
05:52 Scout Tower
05:53 Guard Tower
05:54 Guard Tower
05:56 Guard Tower
06:20 Farm
06:22 Guard Tower
07:11 Farm
08:01 Farm
08:24 Keep
08:33 Scout Tower
09:23 Arcane Tower
09:25 Farm
09:29 Scout Tower
10:01 Guard Tower
10:05 Farm
10:59 Workshop
11:09 Arcane Sanctum
11:18 Workshop
12:41 Farm
13:43 Farm
14:47 Farm
19:05 Castle
19:49 Gryphon Aviary
19:51 Gryphon Aviary
20:13 Town Hall
21:51 Scout Tower
21:55 Scout Tower
29:05 Farm
31:29 Guard Tower
36:38 Town Hall
39:25 Scout Tower
39:26 Scout Tower
61:57 Gryphon Aviary
62:28 Gryphon Aviary
62:37 Gryphon Aviary
62:39 Gryphon Aviary
62:40 Gryphon Aviary
» items
| Scroll of Regeneration | 2 | |
| Scroll of Town Portal | 1 | |
| Potion of Healing | 1 | |
4 total
team 2 (winner)
GOKUMaN69 (
red | 39 APM | 5968 actions | 153:38)
10 Blademaster
3 Wind Walk
3 Critical Strike
1 Bladestorm
3 Mirror Image
4 Pandaren Brewmaster
2 Drunken Brawler
2 Drunken Haze
» actions
| Basic commands | 25 | |
| Build / train | 148 | |
| Enter build submenu | 96 | |
| Enter hero's abilities submenu | 14 | |
| Give item / drop item | 19 | |
| Remove unit from queue | 3 | |
| Right click | 3110 | |
| Select / deselect | 1871 | |
| Use ability | 679 | |
5968 total
» units
| Peon | 15 | |
| Troll Batrider | 49 | |
| Chimaera | 11 | |
| Druid of the Talon | 11 | |
| Wind Rider | 7 | |
| Goblin Zeppelin | 2 | |
95 total
» upgrades
| Reinforced Defenses | 1 | |
| Liquid Fire | 1 | |
| Ranged Weapons | 3 | |
| Armor | 3 | |
| Strength of the Wild | 1 | |
| Reinforced Hides | 1 | |
10 total
» buildings
| Altar of Storms | 4 | |
| Orc Burrow | 15 | |
| War Mill | 1 | |
| Watch Tower | 54 | |
| Stronghold | 1 | |
| Voodoo Lounge | 1 | |
| Fortress | 1 | |
| Beastiary | 2 | |
| Great Hall | 2 | |
| Ancient of Wind | 1 | |
| Altar of Elders | 2 | |
| Moon Well | 4 | |
| Tree of Life | 1 | |
| Tree of Ages | 1 | |
90 total
» build order
00:05 Altar of Storms
00:23 Orc Burrow
00:38 War Mill
01:52 Watch Tower
02:11 Watch Tower
02:31 Watch Tower
02:54 Watch Tower
04:17 Watch Tower
04:18 Stronghold
04:20 Watch Tower
04:32 Voodoo Lounge
05:01 Watch Tower
05:03 Orc Burrow
05:19 Watch Tower
05:33 Orc Burrow
07:14 Fortress
07:15 Beastiary
07:17 Beastiary
07:29 Orc Burrow
07:31 Watch Tower
07:39 Watch Tower
07:42 Watch Tower
08:34 Watch Tower
08:51 Watch Tower
09:00 Watch Tower
09:29 Watch Tower
09:30 Watch Tower
09:58 Watch Tower
10:04 Great Hall
10:09 Great Hall
10:14 Watch Tower
11:11 Watch Tower
12:06 Watch Tower
12:50 Watch Tower
13:00 Watch Tower
13:02 Watch Tower
13:38 Watch Tower
13:40 Watch Tower
13:49 Watch Tower
14:03 Watch Tower
14:05 Watch Tower
15:15 Watch Tower
15:29 Watch Tower
16:01 Watch Tower
16:35 Watch Tower
16:37 Watch Tower
17:23 Watch Tower
17:47 Watch Tower
18:36 Watch Tower
19:09 Watch Tower
20:15 Watch Tower
20:19 Watch Tower
20:21 Watch Tower
20:46 Watch Tower
20:48 Watch Tower
21:43 Watch Tower
21:45 Watch Tower
27:56 Watch Tower
29:02 Watch Tower
31:10 Watch Tower
32:48 Watch Tower
32:50 Watch Tower
35:40 Watch Tower
39:28 Watch Tower
39:29 Watch Tower
39:43 Ancient of Wind
42:04 Altar of Elders
42:07 Moon Well
42:11 Moon Well
42:44 Watch Tower
42:45 Watch Tower
45:05 Tree of Life
45:12 Moon Well
47:36 Tree of Ages
48:32 Orc Burrow
48:33 Orc Burrow
56:08 Moon Well
57:40 Altar of Elders
58:22 Orc Burrow
58:25 Orc Burrow
58:27 Orc Burrow
58:31 Orc Burrow
58:32 Orc Burrow
59:04 Orc Burrow
59:12 Orc Burrow
59:17 Orc Burrow
59:19 Orc Burrow
61:06 Altar of Storms
65:09 Altar of Storms
82:21 Altar of Storms
» items
| Healing Salve | 4 | |
| Lesser Clarity Potion | 2 | |
| Orb of Lightning | 1 | |
| Claws of Attack +12 | 4 | |
| Claws of Attack +9 | 2 | |
| Potion of Healing | 1 | |
| Potion of Mana | 2 | |
| Scroll of Town Portal | 1 | |
| Khadgar's Gem of Health | 2 | |
| Amulet of Spell Shield | 1 | |
20 total
HENTAIanimu69 (
yellow | 42 APM | 1085 actions | 25:38)
6 Pandaren Brewmaster
3 Breath of Fire
1 Drunken Brawler
1 Drunken Haze
1 Storm Earth and Fire
» actions
| Assign group hotkey | 3 | |
| Basic commands | 1 | |
| Build / train | 51 | |
| Enter build submenu | 11 | |
| Enter hero's abilities submenu | 6 | |
| Give item / drop item | 7 | |
| Remove unit from queue | 2 | |
| Right click | 780 | |
| Select / deselect | 143 | |
| Select group hotkey | 2 | |
| Use ability | 79 | |
1085 total
» units
» upgrades
| Well Spring | 1 | |
| Strength of the Wild | 2 | |
| Reinforced Hides | 2 | |
| Corrosive Breath | 1 | |
6 total
» buildings
| Altar of Elders | 1 | |
| Moon Well | 10 | |
| Tree of Ages | 1 | |
| Hunter's Hall | 1 | |
| Tree of Eternity | 1 | |
| Tree of Life | 1 | |
| Ancient of Wind | 1 | |
| Chimaera Roost | 2 | |
| Ancient of Wonders | 1 | |
19 total
» build order
00:07 Altar of Elders
00:09 Moon Well
02:59 Moon Well
05:04 Tree of Ages
05:15 Hunter's Hall
05:42 Moon Well
05:44 Moon Well
07:26 Tree of Eternity
08:34 Tree of Life
09:14 Ancient of Wind
11:12 Chimaera Roost
11:13 Chimaera Roost
14:01 Moon Well
14:02 Moon Well
14:05 Moon Well
14:16 Moon Well
14:19 Moon Well
14:20 Moon Well
20:45 Ancient of Wonders
» items
| Healing Salve | 1 | |
| Lesser Clarity Potion | 2 | |
| Orb of Lightning | 1 | |
| Boots of Speed | 1 | |
| Staff of Teleportation | 1 | |
| Pendant of Mana | 1 | |
| Amulet of Spell Shield | 1 | |
8 total
HERNaNDO (
green | 39 APM | 6019 actions | 153:36)
9 Archmage
3 Blizzard
3 Brilliance Aura
1 Mass Teleport
2 Summon Water Elemental
» actions
| Assign group hotkey | 24 | |
| Basic commands | 166 | |
| Build / train | 170 | |
| Enter build submenu | 201 | |
| Enter hero's abilities submenu | 9 | |
| Give item / drop item | 6 | |
| Remove unit from queue | 11 | |
| Right click | 2681 | |
| Select / deselect | 1333 | |
| Select group hotkey | 922 | |
| Use ability | 494 | |
6019 total
» units
| Peasant | 18 | |
| Sorceress | 7 | |
| Mortar Team | 14 | |
| Priest | 4 | |
| Goblin Zeppelin | 4 | |
| Dragonhawk Rider | 11 | |
58 total
» upgrades
| Masonry | 3 | |
| Magic Sentry | 1 | |
| Sorceress Training | 2 | |
| Lumber Harvesting | 3 | |
| Flare | 1 | |
| Gunpowder | 2 | |
| Fragmentation Shards | 1 | |
| Priest Training | 2 | |
| Cloud | 1 | |
| Swords | 2 | |
| Armor | 1 | |
| Animal War Training | 1 | |
20 total
» buildings
| Lumber Mill | 5 | |
| Altar of Kings | 2 | |
| Farm | 28 | |
| Scout Tower | 170 | |
| Guard Tower | 54 | |
| Arcane Tower | 9 | |
| Keep | 2 | |
| Arcane Vault | 1 | |
| Blacksmith | 2 | |
| Arcane Sanctum | 1 | |
| Workshop | 5 | |
| Castle | 1 | |
| Town Hall | 2 | |
| Gryphon Aviary | 4 | |
| Barracks | 1 | |
287 total
» build order
00:11 Lumber Mill
00:20 Altar of Kings
00:35 Farm
00:37 Farm
01:53 Scout Tower
01:55 Scout Tower
02:02 Scout Tower
02:07 Scout Tower
02:14 Scout Tower
02:16 Scout Tower
02:17 Scout Tower
02:19 Scout Tower
02:23 Scout Tower
02:26 Scout Tower
02:27 Guard Tower
02:42 Arcane Tower
02:46 Guard Tower
02:49 Guard Tower
03:04 Guard Tower
03:18 Guard Tower
03:20 Scout Tower
03:21 Scout Tower
03:22 Scout Tower
03:22 Scout Tower
03:27 Guard Tower
03:32 Scout Tower
03:34 Scout Tower
03:34 Scout Tower
03:35 Scout Tower
03:38 Scout Tower
03:39 Scout Tower
03:41 Scout Tower
03:41 Scout Tower
03:42 Scout Tower
04:16 Guard Tower
04:21 Guard Tower
04:26 Scout Tower
04:27 Scout Tower
04:28 Scout Tower
04:28 Scout Tower
04:29 Scout Tower
04:32 Guard Tower
04:52 Keep
05:04 Guard Tower
05:13 Guard Tower
05:18 Guard Tower
05:25 Guard Tower
05:54 Guard Tower
05:57 Scout Tower
05:58 Scout Tower
05:59 Guard Tower
06:03 Guard Tower
06:05 Scout Tower
06:06 Scout Tower
06:06 Scout Tower
06:14 Arcane Vault
06:41 Blacksmith
06:44 Guard Tower
06:48 Guard Tower
06:50 Guard Tower
06:56 Farm
06:57 Farm
06:58 Farm
06:59 Farm
07:00 Farm
07:02 Farm
07:07 Guard Tower
07:11 Scout Tower
07:13 Scout Tower
07:14 Scout Tower
07:15 Scout Tower
07:16 Scout Tower
07:42 Arcane Sanctum
07:48 Scout Tower
07:50 Scout Tower
07:50 Scout Tower
08:03 Workshop
08:21 Workshop
08:41 Guard Tower
08:58 Workshop
09:02 Lumber Mill
09:11 Guard Tower
10:02 Guard Tower
10:06 Scout Tower
10:07 Scout Tower
10:08 Scout Tower
10:14 Scout Tower
10:15 Scout Tower
10:16 Scout Tower
10:20 Scout Tower
10:21 Scout Tower
10:24 Scout Tower
10:26 Scout Tower
10:47 Guard Tower
10:55 Guard Tower
11:18 Scout Tower
11:40 Guard Tower
11:47 Guard Tower
11:49 Guard Tower
12:07 Scout Tower
12:09 Scout Tower
12:10 Scout Tower
12:12 Scout Tower
12:13 Scout Tower
12:14 Scout Tower
12:15 Scout Tower
12:28 Arcane Tower
13:44 Castle
13:53 Guard Tower
14:00 Guard Tower
14:02 Guard Tower
15:20 Guard Tower
19:15 Scout Tower
19:19 Scout Tower
19:21 Scout Tower
19:27 Scout Tower
20:09 Town Hall
20:12 Scout Tower
20:14 Scout Tower
20:16 Scout Tower
20:17 Scout Tower
20:18 Scout Tower
20:20 Scout Tower
20:22 Scout Tower
20:23 Scout Tower
20:23 Scout Tower
20:26 Scout Tower
20:28 Scout Tower
20:31 Scout Tower
20:32 Scout Tower
20:39 Scout Tower
20:43 Guard Tower
20:47 Arcane Tower
20:50 Arcane Tower
21:31 Guard Tower
21:35 Arcane Tower
22:33 Guard Tower
36:50 Scout Tower
36:51 Scout Tower
36:52 Scout Tower
36:53 Scout Tower
36:54 Scout Tower
36:54 Scout Tower
39:26 Guard Tower
40:22 Guard Tower
42:13 Gryphon Aviary
42:15 Gryphon Aviary
43:12 Farm
43:12 Farm
43:13 Farm
43:55 Barracks
47:21 Gryphon Aviary
47:23 Gryphon Aviary
47:35 Town Hall
48:29 Farm
48:31 Farm
48:34 Farm
48:35 Farm
48:40 Farm
48:43 Farm
49:53 Farm
49:54 Farm
49:55 Farm
51:10 Scout Tower
51:36 Scout Tower
51:46 Scout Tower
51:49 Scout Tower
51:52 Scout Tower
51:55 Scout Tower
52:01 Scout Tower
52:14 Scout Tower
52:16 Scout Tower
52:42 Lumber Mill
53:09 Guard Tower
53:34 Guard Tower
53:36 Scout Tower
53:39 Scout Tower
53:43 Scout Tower
53:45 Scout Tower
53:48 Scout Tower
53:50 Scout Tower
54:10 Scout Tower
54:24 Scout Tower
54:26 Scout Tower
54:28 Guard Tower
54:30 Scout Tower
54:35 Scout Tower
54:38 Scout Tower
54:42 Scout Tower
54:44 Scout Tower
54:46 Guard Tower
54:53 Guard Tower
55:13 Scout Tower
55:21 Guard Tower
55:24 Scout Tower
55:46 Guard Tower
55:48 Scout Tower
55:50 Scout Tower
56:01 Guard Tower
56:05 Scout Tower
56:26 Scout Tower
56:40 Scout Tower
56:46 Scout Tower
56:55 Scout Tower
57:03 Guard Tower
57:41 Guard Tower
58:14 Guard Tower
58:59 Scout Tower
59:13 Scout Tower
59:43 Guard Tower
60:00 Scout Tower
61:05 Guard Tower
62:14 Arcane Tower
68:21 Scout Tower
68:59 Scout Tower
69:09 Arcane Tower
69:28 Arcane Tower
69:30 Scout Tower
69:59 Arcane Tower
83:57 Scout Tower
84:17 Scout Tower
84:19 Scout Tower
84:23 Scout Tower
84:25 Scout Tower
84:50 Guard Tower
85:10 Guard Tower
85:17 Scout Tower
85:20 Scout Tower
85:24 Guard Tower
86:49 Guard Tower
92:42 Altar of Kings
93:37 Farm
94:46 Scout Tower
95:15 Scout Tower
117:22 Lumber Mill
119:35 Keep
120:07 Lumber Mill
120:16 Blacksmith
120:53 Farm
120:54 Farm
120:56 Farm
120:59 Farm
122:01 Workshop
122:05 Workshop
122:51 Farm
123:32 Farm
124:13 Farm
124:48 Scout Tower
138:41 Scout Tower
138:43 Scout Tower
138:45 Scout Tower
138:46 Scout Tower
138:47 Scout Tower
138:48 Scout Tower
138:50 Scout Tower
138:51 Scout Tower
140:28 Scout Tower
142:50 Scout Tower
143:54 Scout Tower
143:58 Scout Tower
144:00 Scout Tower
147:09 Scout Tower
147:12 Scout Tower
147:33 Scout Tower
147:38 Scout Tower
147:40 Scout Tower
147:42 Scout Tower
147:47 Scout Tower
147:49 Scout Tower
148:00 Scout Tower
148:13 Scout Tower
148:20 Scout Tower
148:22 Scout Tower
148:30 Scout Tower
148:34 Scout Tower
148:51 Scout Tower
149:04 Scout Tower
149:35 Scout Tower
149:39 Scout Tower
151:21 Scout Tower
151:22 Scout Tower
151:22 Scout Tower
151:23 Scout Tower
151:25 Scout Tower
151:26 Scout Tower
151:28 Scout Tower
151:30 Scout Tower
» items
| Staff of Teleportation | 1 | |
| Scroll of Town Portal | 5 | |
| Scroll of Regeneration | 3 | |
| Staff of Sanctuary | 1 | |
10 total
Chat log
(01:37 / All) GOKUMaN69: Gl hf
(01:40 / All) GOKUMaN69: ^^
(01:45 / All) TomBrady12.: fuck you nigger
(01:47 / All) IHATEFAGG0TS: fuck you
(01:56 / All) HENTAIanimu69: manner game
(02:05 / All) GOKUMaN69: fuck you faggot cocker gook face
(02:22 / All) IHATEFAGG0TS: people always say that and then act like dicks anyways so i just jump straight to being a dick
(02:33 / All) TomBrady12.: fuckin homos
(02:57 / Allies) GOKUMaN69: no manner
(08:27 / All) GOKUMaN69: nigger cocks
(19:05 / All) GOKUMaN69: nice mort bro
(19:06 / All) HERNaNDO: welp
(23:57 / All) GOKUMaN69: see what hapens when you bad mouth?
(24:23 / All) HENTAIanimu69: just leave
(24:27 / All) HERNaNDO: gg
(24:28 / All) IHATEFAGG0TS: lol
(24:32 / All) IHATEFAGG0TS: you guys are retarded
(24:35 / All) HERNaNDO: gg
(24:41 / All) GOKUMaN69: owned
(25:38 / All) HERNaNDO: gg
(38:22 / All) TomBrady12.: tanks dom
(38:38 / All) IHATEFAGG0TS: lol
(38:41 / All) IHATEFAGG0TS: gg?
(38:43 / All) IHATEFAGG0TS: faggots
(38:44 / All) HERNaNDO: gg
(40:46 / All) IHATEFAGG0TS: fucking newb niggers
(40:51 / All) TomBrady12.: fucking niggers
(40:53 / All) TomBrady12.: hahaha
(40:54 / All) TomBrady12.: hahaha
(40:55 / All) TomBrady12.: hahaha
(41:09 / All) IHATEFAGG0TS: how does it feel
(41:12 / All) HERNaNDO: gg
(41:15 / All) IHATEFAGG0TS: to waste 2 hours on a loss
(41:27 / All) HERNaNDO: gg
(41:41 / All) IHATEFAGG0TS: bye
(41:44 / All) HERNaNDO: gg
(41:47 / All) IHATEFAGG0TS: fucking faggots
(42:17 / All) IHATEFAGG0TS: way to suck
(42:19 / All) HERNaNDO: gg
(42:56 / All) HERNaNDO: gg
(46:07 / All) IHATEFAGG0TS: fucking newbs
(46:10 / All) HERNaNDO: gg
(46:51 / All) TomBrady12.: so niggers
(47:13 / All) IHATEFAGG0TS: if i wasnt so lazy i might show you newbs how to not suck at massing towers
(47:26 / All) HERNaNDO: gg
(49:06 / All) IHATEFAGG0TS: why are you still here
(49:09 / All) HERNaNDO: gg
(51:05 / All) IHATEFAGG0TS: so newb
(51:21 / All) TomBrady12.: sir youve just made me hate niggers way more then i ever did
(53:47 / All) TomBrady12.: dude
(53:52 / All) TomBrady12.: you need to get a fuckin live
(53:56 / All) IHATEFAGG0TS: such retards
(54:00 / All) TomBrady12.: life*
(54:50 / All) HERNaNDO: gg
(60:44 / All) IHATEFAGG0TS: lol
(60:49 / All) HERNaNDO: lol
(60:52 / All) HERNaNDO: gg
(60:58 / All) GOKUMaN69: leave noobs
(61:08 / All) IHATEFAGG0TS: lol why you lose
(62:46 / All) TomBrady12.: ok niggers this is wast gon happen
(62:49 / All) TomBrady12.: ima rip this bongs
(62:52 / All) TomBrady12.: make mad shit
(63:00 / All) TomBrady12.: and come fuck your nigger asses up
(63:13 / All) HERNaNDO: kk gg
(65:42 / All) HERNaNDO: gg
(66:56 / All) HERNaNDO: Kelen the Seeker
(69:08 / All) GOKUMaN69: Yyyyyyomp
(69:20 / All) HERNaNDO: Masha Storm-Stout
(71:17 / All) GOKUMaN69: whats the plan bros?
(73:41 / All) GOKUMaN69: Gg
(73:44 / All) HERNaNDO: gg
(73:57 / All) GOKUMaN69: you lose
(74:00 / All) HERNaNDO: gg
(74:05 / All) GOKUMaN69: nice try
(74:08 / All) GOKUMaN69: ...
(74:10 / All) GOKUMaN69: not
(75:44 / All) HERNaNDO: G G
(75:47 / All) HERNaNDO: g g
(75:51 / All) HERNaNDO: G G
(75:54 / All) HERNaNDO: g g
(75:58 / All) HERNaNDO: G G
(76:01 / All) IHATEFAGG0TS: do you want us to leave?
(76:03 / All) HERNaNDO: g g
(76:08 / All) HERNaNDO: G G
(76:12 / All) HERNaNDO: g g
(76:14 / All) HERNaNDO: gg
(76:20 / All) HERNaNDO: G G GG
(76:52 / All) GOKUMaN69: Noob TOWERS DETECTED PRee ALT QQ to REPORT
(77:11 / All) HERNaNDO: Noob TOWERS DETECTED PRee ALT QQ to report
(78:28 / All) HERNaNDO: -----------[[[[[[[[[[[[[=====GG======]]]]]]]]]]]-----------------
(80:46 / All) GOKUMaN69: hello
(80:47 / All) GOKUMaN69: Gg
(80:47 / All) HERNaNDO: NYEEEeeeaaaaau *poof*
(80:51 / All) HERNaNDO: gg
(83:41 / All) HERNaNDO: :[
(83:57 / All) GOKUMaN69: come again
(84:14 / All) GOKUMaN69: like aPoo
(84:18 / All) GOKUMaN69: in da simsons
(84:30 / All) HERNaNDO: Apoo
(84:39 / All) GOKUMaN69: Thank you cum again
(84:41 / All) GOKUMaN69: get it?
(84:50 / All) GOKUMaN69: Cum
(84:52 / All) HERNaNDO: gg
(85:18 / All) TomBrady12.: fucking niggers
(86:33 / All) GOKUMaN69: just quit
(86:36 / All) HERNaNDO: gg
(88:09 / All) HERNaNDO: gg
(88:12 / All) GOKUMaN69: nice hero
(88:13 / All) GOKUMaN69: Gg
(88:21 / All) IHATEFAGG0TS: kids are mad lucky the dude i gave all my gold to went afk and didnt share units like an hr ago
(88:25 / All) HERNaNDO: gg
(88:25 / All) HERNaNDO: gg
(88:26 / All) HERNaNDO: gg
(88:26 / All) HERNaNDO: gg
(88:27 / All) HERNaNDO: gg
(88:29 / All) HERNaNDO: gg
(88:29 / All) HERNaNDO: gg
(88:30 / All) HERNaNDO: gg
(88:31 / All) HERNaNDO: gg
(88:52 / All) GOKUMaN69: gg
(88:56 / All) GOKUMaN69: retards
(89:02 / All) GOKUMaN69: dont mine in upkeep
(90:31 / All) GOKUMaN69: so noob
(90:33 / All) GOKUMaN69: get out
(90:34 / All) HERNaNDO: gg
(91:00 / All) GOKUMaN69: Tojara master of ownage
(91:05 / All) HERNaNDO: Tojara!
(95:57 / All) TomBrady12.: ya thats right niggers
(96:28 / All) GOKUMaN69: you lsot
(96:37 / All) GOKUMaN69: I can solo that air with my bm
(97:04 / All) TomBrady12.: dude
(97:06 / All) TomBrady12.: red
(97:11 / All) TomBrady12.: have u ever seen a vagina?
(97:17 / All) GOKUMaN69: yes
(97:25 / All) TomBrady12.: i highly doubt tahat
(97:26 / All) GOKUMaN69: youporn
(97:39 / All) TomBrady12.: rephrase
(97:40 / All) HERNaNDO: U Need Mad Skillz To See De Pussy
(97:47 / All) TomBrady12.: have you ever touched a vagina
(97:48 / All) HERNaNDO: U got Mad Skillz?
(97:55 / All) HERNaNDO: U got Mad Skillz?
(98:02 / All) GOKUMaN69: my moms when I was born
(98:29 / All) HERNaNDO: U got Mad Skillz?
(99:26 / All) TomBrady12.: woa
(99:36 / All) HERNaNDO: woa
(99:40 / All) GOKUMaN69: Gg
(99:41 / All) GOKUMaN69: quit
(99:45 / All) GOKUMaN69: you lose
(100:03 / All) TomBrady12.: as in woa i smell you nigger skin from here
(100:09 / All) HERNaNDO: woa
(100:16 / All) HERNaNDO: i smell yoju
(100:20 / All) GOKUMaN69: where you live tom?
(100:32 / All) TomBrady12.: lol niggers grippin for life with a bm and gay towres outside the level
(100:34 / All) TomBrady12.: so nigger
(100:38 / All) HERNaNDO: lol
(100:39 / All) TomBrady12.: just hidding from the man
(100:39 / All) HERNaNDO: gg
(100:48 / All) GOKUMaN69: tom
(100:57 / All) GOKUMaN69: why is there a 13 after your name bro?
(101:02 / All) GOKUMaN69: 13*
(101:40 / All) IHATEFAGG0TS: newbs
(109:34 / All) GOKUMaN69: that sucks bro
(109:42 / All) GOKUMaN69: think you losing this one
(112:09 / All) TomBrady12.: so nerdy
(112:12 / All) TomBrady12.: get a life fags
(112:38 / All) GOKUMaN69: Gg
(112:41 / All) HERNaNDO: gg
(115:21 / All) GOKUMaN69: Gg
(115:24 / All) HERNaNDO: gg
(115:43 / All) TomBrady12.: you fags have been doing this for 2 hours
(115:46 / All) HERNaNDO: gg
(115:48 / All) TomBrady12.: true nigger
(116:15 / All) TomBrady12.: u really gona wait it out then try to take out citys with 2 heros nigger
(116:25 / All) HERNaNDO: gg
(116:26 / All) TomBrady12.: cause thats quite al qaeda like
(117:04 / All) GOKUMaN69: Gg
(117:07 / All) GOKUMaN69: noobs
(117:19 / All) GOKUMaN69: I amniiger
(117:31 / All) HERNaNDO: I am niiger
(117:35 / All) HERNaNDO: GG
(117:37 / All) HERNaNDO: gg
(117:47 / All) HERNaNDO: wardman
(117:48 / All) HERNaNDO: dead
(119:07 / All) HERNaNDO: Swish
(119:12 / All) TomBrady12.: man dude
(119:17 / All) TomBrady12.: your such a fag haha
(119:20 / All) HERNaNDO: gg
(119:22 / All) GOKUMaN69: Men bro
(119:25 / All) TomBrady12.: gona take out every buildin with a bm
(119:31 / All) GOKUMaN69: yes
(119:40 / Allies) HERNaNDO: ;-}
(119:45 / All) HERNaNDO: ;-}
(120:47 / All) GOKUMaN69: quit noob stop wasting my time
(121:03 / All) TomBrady12.: your gona be here a long time faggot
(121:09 / All) HERNaNDO: :-}
(121:10 / All) GOKUMaN69: not really
(121:15 / All) GOKUMaN69: maybe 10 mins more
(121:22 / All) HERNaNDO: 10 mins gg
(121:31 / All) TomBrady12.: point being
(121:38 / All) TomBrady12.: youve never seen or touched a vagina in real life
(121:47 / All) HERNaNDO: U got the Mad Skillz To DO it
(121:58 / All) HERNaNDO: Nice ;-}
(122:08 / All) GOKUMaN69: what does woman sex ORgen feel leik?
(122:15 / All) HERNaNDO: What Is Woman?
(122:21 / All) HERNaNDO: NEVER SEEN lol
(122:27 / All) GOKUMaN69: I just a small dick azn boi
(122:30 / All) HERNaNDO: U a women?
(123:24 / All) HERNaNDO: Can U Teach Me Mad Vagina Skillz
(124:19 / All) GOKUMaN69: one base almost gone
(124:23 / All) HERNaNDO: :p
(124:28 / All) HERNaNDO: p:
(124:31 / All) HERNaNDO: P:
(124:33 / All) HERNaNDO: :P
(124:36 / All) GOKUMaN69: Takin froever gonna quit now Gg
(124:44 / All) HERNaNDO: GRAAAGH
(125:37 / All) GOKUMaN69: how does it feel losing a 3 hour game?
(125:52 / All) HERNaNDO: Does it feel like touching a vagina
(125:57 / All) HERNaNDO: Ahahah
(126:06 / All) GOKUMaN69: women sex orgen?
(126:08 / All) HERNaNDO: GG
(128:12 / All) GOKUMaN69: faggots
(128:14 / All) HERNaNDO: gg
(131:46 / All) HERNaNDO: :-p
(131:48 / All) HERNaNDO: gg
(131:54 / All) GOKUMaN69: so noob
(132:00 / All) HERNaNDO: Practice More
(142:05 / All) TomBrady12.: dude you so fucked up in the dome
(142:15 / All) HERNaNDO: gg
(142:20 / All) GOKUMaN69: quit
(142:37 / All) HERNaNDO: Still anybodys game
(142:54 / All) GOKUMaN69: what a women sex orgen look like?
(145:49 / All) HERNaNDO: U here bro?
(152:12 / All) HERNaNDO: NOOOO